 Dungeon Crawl Stone Soup version 0.23.0-33-g5e6c059fef (webtiles) character file.

Game seed: 2245717406177737943

11480 gorant the Carver (level 11, -5/102 HPs)
             Began as a Minotaur Fighter on Feb 27, 2019.
             Slain by a minotaur
             ... wielding a +1 scythe of flaming
              (19 damage)
             ... in a Gauntlet.
             The game lasted 01:11:54 (7788 turns).

gorant the Carver (Minotaur Fighter)                Turns: 7788, Time: 01:11:55

Health: -5/102     AC: 27    Str: 29    XL:     11   Next: 49%
Magic:  10/10      EV:  9    Int:  5    God:
Gold:   328        SH:  0    Dex: 14    Spells: 10/10 levels left

rFire    . . .     SeeInvis .   p - +5 long sword of Ehicaup {protect, rElec MR+ Str+2}
rCold    . . .     Gourm    .   c - +0 shield
rNeg     . . .     Faith    .   x - +0 plate armour
rPois    .         Spirit   .   H - +0 hat of Amef {Dex+4} (curse)
rElec    +         Reflect  .   k - +0 cloak
rCorr    .         Harm     .   d - +1 pair of gloves {Str+3}
MR       +....     Clarity  +   (no boots) Stlth ..........NoTele +
                                (no amulet)
HPRegen  0.27/turn              B - ring of flight
MPRegen  0.12/turn              (no ring)

@: confused, protection aura, studying Fighting
A: retaliatory headbutt, horns 2, slimy green scales 1, clarity, sense
surroundings 1, screaming 1
a: Evoke Flight


You were in a Gauntlet.
You were not hungry.

You visited 1 branch of the dungeon, and saw 11 of its levels.
You also visited: Sewer and Gauntlet.

You collected 528 gold pieces.
You spent 200 gold pieces at shops.

Inventory:

Hand Weapons
 a - a +1 war axe of freezing
 p - the +5 long sword of Ehicaup (weapon) {protect, rElec MR+ Str+2}
   (You found it on level 4 of the Dungeon)

   It protects the one who uses it against injury (+AC on strike).
   It affects your strength (+2).
   It insulates you from electricity.
   It affects your resistance to hostile enchantments.
 z - a cursed +3 great sword of freezing
Missiles
 i - 8 tomahawks (quivered)
Armour
 c - a +0 shield (worn)
 d - a +1 pair of gloves of strength (worn)
 j - a +0 pair of gloves
 k - a +0 cloak (worn)
 o - the +3 hat of Quantum Leap {rElec Int+3 Dex+4, unknown}
   (You found it in a Gauntlet)

   It affects your intelligence (+3).
   It affects your dexterity (+4).
   It insulates you from electricity.
 t - a +0 chain mail
 x - a +0 plate armour (worn)
 H - the cursed +0 hat of Amef (worn) {Dex+4}
   (You found it in a Gauntlet)

   It affects your dexterity (+4).
   It has a curse placed upon it.
Jewellery
 f - an uncursed amulet of magic regeneration
 s - an uncursed ring of fire
 B - a ring of flight (left hand)
Wands
 l - a wand of iceblast (6)
 u - a wand of random effects (24)
 y - a wand of disintegration (7)
 C - a wand of clouds (3)
Scrolls
 g - a scroll of enchant weapon
 m - 6 scrolls of teleportation
 q - 5 scrolls of magic mapping
 r - 3 scrolls of remove curse
 v - 3 scrolls of identify
 w - a scroll of amnesia
 D - a scroll of brand weapon
Potions
 e - 2 potions of curing
 h - 4 potions of flight
 E - a potion of magic
 F - a potion of degeneration {unknown}
Books
 n - a manual of Fighting


   Skills:
 + Level 11.2 Fighting
 + Level 12.2 Long Blades
 + Level 6.9 Axes
 + Level 0.8 Throwing
 + Level 9.4 Armour
 + Level 3.3 Dodging
 + Level 1.3 Stealth
 + Level 11.5 Shields
 + Level 0.3 Evocations


You had 10 spell levels left.
You didn't know any spells.
Your spell library contained the following spells:

 Spells                   Type           Power        Failure   Level  Hunger
 Bolt of Magma            Conj/Fire/Erth #.........   100%        5    ######.
 Iskenderun's Battlesphe  Conj/Chrm      #.......     100%        5    ######.
 Venom Bolt               Conj/Pois      #.........   100%        5    ######.
 Iron Shot                Conj/Erth      #.........   100%        6    #######
 Orb of Destruction       Conj           #.........   100%        7    #######
 Spellforged Servitor     Conj/Summ      #.........   100%        7    #######


Dungeon Overview and Level Annotations

Branches:
Dungeon (11/15)            Temple (0/1) D:6
   Lair: D:8-11         Orc: D:9-12

Altars:
Ashenzari
Cheibriados
Fedhas
Gozag
Hepliaklqana
Makhleb
Nemelex Xobeh
Trog
Uskayaw
Xom
Zin

Shops:
D:9 :   D:10 }

Annotations:
Gauntlet 2 transporters


Innate Abilities, Weirdness & Mutations

You reflexively headbutt those who attack you in melee.
You have a pair of horns on your head.
You are partially covered in slimy green scales. (AC +2)
You possess an exceptional clarity of mind.
You passively map a small area around you.
You occasionally shout uncontrollably at your foes.


Message History

You slash the minotaur! Your headbutt misses the minotaur.
The minotaur is severely wounded.
You block the minotaur's attack.
The minotaur gores you but does no damage.
You hit the minotaur but do no damage.
You headbutt the minotaur, but do no damage.
The minotaur is severely wounded.
The minotaur hits you with a +1 scythe of flaming!!
* * * LOW HITPOINT WARNING * * *
The minotaur burns you.
* * * LOW HITPOINT WARNING * * *
The minotaur gores you.
* * * LOW HITPOINT WARNING * * *
You are confused.
You feel invigorated.
You hit the minotaur but do no damage.
You headbutt the minotaur, but do no damage.
The minotaur is severely wounded.
The minotaur hits you with a +1 scythe of flaming!!
You die...

#### , , ######..# , *
#...##..# #© ##
#.#.##..# ..#= #[*
#.#.....#*≈§.#?
##'####.#.##..###..#.
#.⌠..##...##....#..#.
*#...∩##(#.##...©#..##
+⌠(H@(((#.......#....
*
#..⌠.##.#.##....#.∩..
###+###...##...©#..##
* #.#.##....#..#.
#.#.....###§.#|
#.#.##..##≈..#.
#...##..###..#© ###
*#..##§..#. ######..#.


You could see a minotaur.

Vanquished Creatures
  A death scarab (Gauntlet)
  A spectral death yak (Gauntlet)
  A necromancer (Gauntlet)
  Joseph (D:10)
  An efreet (Gauntlet)
  2 trolls
  2 hornets (D:10)
  2 hippogriffs
  A shadow (D:10)
  10 yaks (D:10)
  A fire elemental (Gauntlet)
  A wyvern (D:9)
  4 hungry ghosts
  2 hell hounds (Gauntlet)
  A water moccasin (D:9)
  5 ice beasts
  Purgy (Sewer)
  2 orc warriors
  3 phantoms
  6 centaurs
  4 ogres
  6 wolves (Gauntlet)
  Blork the orc (D:4)
  8 bullfrogs
  A wyvern zombie (D:6)
  2 scorpions
  A wyvern skeleton (D:9)
  17 killer bees (D:9)
  9 wights
  2 howler monkeys (D:9)
  3 bullfrog zombies
  A crimson imp (D:6)
  A quasit (D:8)
  A centaur zombie (D:10)
  3 hounds
  2 jellies
  5 orc priests
  9 orc wizards
  5 iguanas
  Ijyb (D:4)
  6 worker ants
  A hound skeleton (D:5)
  A worker ant zombie (D:10)
  12 adders
  2 shadow imps (D:5)
  3 oozes
  An adder zombie (D:6)
  2 adder skeletons (D:4)
  7 worms
  A dart slug (D:2)
  6 leopard geckos
  12 orcs
  5 giant cockroaches
  7 goblins
  8 hobgoblins
  6 quokkas
  2 ball pythons
  15 bats
  11 frilled lizards
  A jackal skeleton (D:4)
  5 kobolds
  A leopard gecko skeleton (D:4)
  A leopard gecko zombie (D:7)
  A quokka zombie (D:7)
  10 rats
257 creatures vanquished.

Notes
Turn   | Place    | Note
-------+----------+-------------------------------------------
     0 | D:1      | gorant the Minotaur Fighter began the quest for the Orb.
     0 | D:1      | Reached XP level 1. HP: 19/19 MP: 0/0
   175 | D:1      | Reached XP level 2. HP: 23/27 MP: 1/1
   507 | D:1      | Reached XP level 3. HP: 33/33 MP: 2/2
  1106 | D:2      | Reached XP level 4. HP: 31/40 MP: 3/3
  1438 | D:3      | Found a snail-covered altar of Cheibriados.
  1519 | D:3      | Found a shattered altar of Ashenzari.
  1540 | D:3      | Reached XP level 5. HP: 38/46 MP: 4/4
  1604 | D:3      | Found a glowing drain.
  1645 | Sewer    | Entered a sewer
  1668 | Sewer    | Noticed Purgy
  1677 | Sewer    | Killed Purgy
  1677 | Sewer    | Reached skill level 5 in Axes
  1677 | Sewer    | Reached skill level 1 in Dodging
  1677 | Sewer    | Reached skill level 5 in Shields
  1761 | D:3      | Reached XP level 6. HP: 52/52 MP: 5/5
  1948 | D:3      | Found a blossoming altar of Fedhas.
  1986 | D:3      | Found a sparkling altar of Nemelex Xobeh.
  2523 | D:4      | Gained mutation: You are partially covered in slimy green
                  | scales. (AC +2) [potion of mutation]
  2523 | D:4      | Gained mutation: You occasionally shout uncontrollably at
                  | your foes. [potion of mutation]
  2523 | D:4      | Gained mutation: You possess an exceptional clarity of
                  | mind. [potion of mutation]
  2523 | D:4      | Gained mutation: You passively map a small area around you.
                  | [potion of mutation]
  2550 | D:4      | Noticed Blork the orc
  2551 | D:4      | Noticed Ijyb
  2553 | D:4      | Noticed an ice beast
  2556 | D:4      | Killed Blork the orc
  2568 | D:4      | Killed Ijyb
  2569 | D:4      | Killed an ice beast
  2637 | D:4      | Got a bloodstained long sword
  2638 | D:4      | Identified the +5 long sword of Ehicaup {protect, rElec MR+
                  | Str+2} (You found it on level 4 of the Dungeon)
  2754 | D:4      | Reached XP level 7. HP: 55/60 MP: 6/6
  3102 | D:5      | Entered Level 5 of the Dungeon
  3133 | D:5      | Reached skill level 5 in Fighting
  3170 | D:5      | Reached skill level 1 in Long Blades
  3307 | D:5      | Reached skill level 5 in Armour
  3326 | D:5      | Reached skill level 2 in Long Blades
  3334 | D:5      | Found a hide-covered altar of Uskayaw.
  3376 | D:5      | Reached skill level 3 in Long Blades
  3831 | D:6      | Reached XP level 8. HP: 67/70 MP: 7/7
  3834 | D:6      | Reached skill level 4 in Long Blades
  3882 | D:6      | Found a staircase to the Ecumenical Temple.
  3898 | D:6      | Reached skill level 5 in Long Blades
  3972 | D:6      | Reached skill level 6 in Long Blades
  4226 | D:6      | Reached skill level 7 in Long Blades
  4333 | D:6      | Found a shimmering altar of Xom.
  4588 | D:7      | Found a hazy altar of Hepliaklqana.
  4605 | D:7      | Paralysed by fainting for 9 turns
  4683 | D:7      | Found a glowing silver altar of Zin.
  4688 | D:7      | Reached XP level 9. HP: 79/79 MP: 8/8
  4762 | D:7      | Found a burning altar of Makhleb.
  4860 | D:7      | Reached skill level 8 in Long Blades
  4870 | D:7      | Found a bloodstained altar of Trog.
  5025 | D:7      | Found an opulent altar of Gozag.
  5503 | D:9      | Found Eliasch's Book Boutique.
  5612 | D:9      | Reached skill level 1 in Stealth
  5622 | D:9      | Reached skill level 9 in Long Blades
  5843 | D:9      | Reached XP level 10. HP: 63/88 MP: 9/9
  6480 | D:10     | Entered Level 10 of the Dungeon
  6551 | D:10     | Noticed Joseph
  6563 | D:10     | Killed Joseph
  6563 | D:10     | Reached skill level 10 in Long Blades
  6786 | D:10     | Found Nackysol's Gadget Boutique.
  6808 | D:10     | Bought a box of beasts for 200 gold pieces
  6848 | D:10     | Reached skill level 10 in Shields
  6944 | D:10     | Reached skill level 11 in Long Blades
  7089 | D:10     | Reached XP level 11. HP: 90/99 MP: 10/10
  7102 | D:10     | Reached skill level 10 in Fighting
  7440 | D:11     | Found a hide-covered altar of Uskayaw.
  7500 | D:11     | Found a gate leading to a gauntlet.
  7509 | Gauntlet | Entered a Gauntlet
  7509 | Gauntlet | Found a transporter.
  7509 | Gauntlet | Found a transporter.
  7509 | Gauntlet | Found a transporter.
  7518 | Gauntlet | Noticed a death scarab
  7529 | Gauntlet | Killed a death scarab
  7535 | Gauntlet | Found a transporter.
  7535 | Gauntlet | Found a transporter.
  7536 | Gauntlet | Noticed a necromancer
  7605 | Gauntlet | Found a transporter.
  7605 | Gauntlet | Found a transporter.
  7610 | Gauntlet | Reached skill level 12 in Long Blades
  7629 | Gauntlet | Killed a necromancer
  7638 | Gauntlet | Got a translucent hat
  7644 | Gauntlet | Identified the cursed +0 hat of Amef {Dex+4} (You found it
                  | in a Gauntlet)
  7689 | Gauntlet | Found a transporter.
  7724 | Gauntlet | Got a brightly glowing hat
  7746 | Gauntlet | Found a transporter.
  7760 | Gauntlet | Noticed a minotaur
  7786 | Gauntlet | HP: 5/102 [minotaur/+1 scythe of flaming (1)]
  7788 | Gauntlet | Slain by a minotaur

Skill      XL: |  1  2  3  4  5  6  7  8  9 10 11 |
---------------+----------------------------------+-----
Armour         | 4 5 8 9 |  9.4
Shields        | 4 5 6 7 8 10 11 | 11.5
Axes           | 3 4 5 6 |  6.9
Fighting       | 4 6 7 8 9 11 | 11.2
Dodging        | 1 2 3 |  3.3
Long Blades    | 3 7 9 11 12 | 12.2
Stealth        | 1 |  1.3
Throwing       | |  0.8
Evocations     | |  0.3

Action                   |  1- 3 |  4- 6 |  7- 9 | 10-12 || total
-------------------------+-------+-------+-------+-------++-------
Melee: War axe           |    89 |   124 |       |       ||   213
       Headbutt          |     6 |    27 |    62 |    81 ||   176
       Long sword        |       |    11 |   254 |   290 ||   555
Throw: Tomahawk          |     2 |     9 |     2 |     2 ||    15
Evoke: Wand              |       |       |     5 |     2 ||     7
       Box of beasts     |       |       |       |     1 ||     1
  Use: Scroll            |     8 |     3 |     6 |     2 ||    19
       Potion            |     2 |     3 |     6 |    12 ||    23
  Eat: Chunk             |       |     5 |     3 |       ||     8
       Ration            |       |     1 |     4 |     3 ||     8
Armor: Scale mail        |    49 |    66 |     7 |       ||   122
       Chain mail        |       |       |    50 |       ||    50
       Plate armour      |       |       |   110 |   172 ||   282
Dodge: Dodged            |    28 |    54 |    94 |    85 ||   261
Block: Shield            |    56 |    77 |   184 |   206 ||   523
       Rpst.: Long sword |       |     1 |    26 |    27 ||    54
